 Dungeon Crawl Stone Soup version 0.31-a0-424-g41b3b0883d (webtiles) character file.

Game seed: 6002685989406025410

5181 Bnni the Skirmisher (level 10, -14/64 HPs)
             Began as a Tengu Hunter on July 30, 2023.
             Was an Elder of Okawaru.
             Demolished by a shadow (24 damage)
             ... on level 9 of the Dungeon.
             The game lasted 00:19:29 (7839 turns).

Bnni the Skirmisher (Tengu Hunter)                  Turns: 7839, Time: 00:19:29

Health: -14/64     AC:  6    Str: 13    XL:     10   Next: 60%
Magic:  16/16      EV: 16    Int:  9    God:    Okawaru [****..]
Gold:   444        SH:  0    Dex: 27    Spells: 9/9 levels left

rFire   . . .        a - +0 shortbow
rCold   . . .        (shield currently unavailable)
rNeg    + . .        B - +1 robe {rN+}
rPois   .            (helmet restricted)
rElec   .            (no cloak)
rCorr   .            k - +2 pair of gloves
SInv    .            (boots unavailable)
Will    .....        (no amulet)
Stlth   ++           s - +6 ring of dexterity
HPRegen 0.30/turn    (no ring)
MPRegen 0.15/turn

%: no passive effects
@: flying quickly and evasively, quick
A: beak, talons 3, nimble flight
a: Renounce Religion, Heroism, Finesse


You were on level 9 of the Dungeon.
You worshipped Okawaru.
Okawaru was greatly pleased with you.
You visited 2 branches of the dungeon, and saw 11 of its levels.

You collected 474 gold pieces.
You spent 30 gold pieces at shops.

Inventory:

Hand Weapons
 a - a +0 shortbow (weapon)
 f - a +3 dagger
Armour
 k - a +2 pair of gloves (worn)
 w - a +0 buckler
 B - a +1 robe of positive energy (worn)
Jewellery
 s - a +6 ring of dexterity (left hand)
Wands
 c - a wand of flame (24)
 g - a wand of mindburst (9)
 x - a wand of digging (8)
Scrolls
 b - a scroll of butterflies
 d - 4 scrolls of teleportation
 h - 2 scrolls of amnesia {unknown}
 l - 2 scrolls of revelation {unknown}
 m - a scroll of poison {unknown}
 n - 3 scrolls of enchant weapon {unknown}
 p - a scroll of noise {unknown}
 t - 5 scrolls of fog {unknown}
 v - 2 scrolls of immolation {unknown}
 y - a scroll of blinking {unknown}
 A - 2 scrolls of silence {unknown}
Potions
 e - 3 potions of curing
 i - 2 potions of haste
 j - 2 potions of might
 o - a potion of cancellation {unknown}
 q - a potion of attraction {unknown}
 r - a potion of mutation {unknown}
 u - 4 potions of heal wounds {unknown}
 z - a potion of enlightenment {unknown}


   Skills:
 + Level 7.8 Fighting
 * Level 12.5 Ranged Weapons
 - Level 2.1 Dodging
 - Level 1.0 Stealth
 * Level 7.1 Invocations


You had 9 spell levels left.
You didn't know any spells.
Your spell library contained the following spells:

 Spells                   Type           Power      Damage    Failure   Level
 Apportation              Tloc           0%         N/A       38%         1
 Necrotise                Necr           0%         1d4       38%         1
 Slow                     Hex            0%         N/A       38%         1
 Confusing Touch          Hex            0%         N/A       77%         3
 Hailstorm                Conj/Ice       0%         3d3       77%         3
 Ignite Poison            Fire/Tmut/Pois 0%         N/A       77%         3
 Inner Flame              Hex/Fire       0%         N/A       77%         3
 Mephitic Cloud           Conj/Pois/Air  0%         N/A       77%         3
 Vampiric Draining        Necr           0%         2d6       77%         3
 Sticky Flame             Conj/Fire      0%         2d3       99%         4
 Agony                    Necr           0%         N/A       100%        5
 Ignition                 Fire           0%         3d3       100%        8
 Summon Small Mammal      Summ           Unusable   N/A       N/A         1
 Summon Ice Beast         Ice/Summ       Unusable   N/A       N/A         4
 Simulacrum               Ice/Necr       Unusable   N/A       N/A         6

Dungeon Overview and Level Annotations

Branches:
Dungeon (10/15)            Temple (1/1) D:5
   Lair: D:8-11         Orc: D:9-12

Altars:
Ashenzari
Cheibriados
Dithmenos
Elyvilon
Fedhas
Gozag
Hepliaklqana
Kikubaaqudgha
Makhleb
Nemelex Xobeh
Okawaru
Qazlal
Ru
Trog
Uskayaw
Vehumet
Wu Jian
Xom
Zin
The Shining One

Shops:
D:5 ?


Innate Abilities, Weirdness & Mutations

You have a beak for a mouth.
You have claws for feet.
Your magical nature lets you fly swiftly and evasively.


Message History

The two-headed ogre is lightly wounded.
You feel sick.
You shoot an arrow.
The arrow hits the two-headed ogre but does no damage.
The two-headed ogre is lightly wounded.
You feel sick.
You shoot an arrow. The arrow hits the two-headed ogre.
The two-headed ogre is moderately wounded.
You feel sick.
You are no longer poisoned.
The two-headed ogre hits you with a +0 giant club!!
The two-headed ogre barely misses you.
Things that are here:
a +0 short sword; an orc corpse The howler monkey hoots and howls with incredible vigour!
You hear two shouts!
You hear a loud, deep croak!
You hear a bellow!
The kobold brigand throws a poisoned dart.
The poisoned dart hits you!
You are poisoned.
You feel sick.
You feel sick.
You feel sick.
You feel sick.
You feel sick.
You feel sick.
You feel sick.
You feel sick.
You are no longer poisoned.
The shadow strikes at you from the darkness!
* * * LOW HITPOINT WARNING * * *
Reactivating autopickup.
The howler monkey hoots and howls with incredible vigour!
The shadow slips into darkness.
The shadow flickers and vanishes!
Deactivating autopickup; reactivate with Ctrl-A.
Okay, then.
Okay, then.
You feel better.
The shadow strikes at you from the darkness!
You die...

...# ##..###....# #...<#
...####.#.##.....## #...<#
....##.....#......# ##....#
...#......#.#....####.#...#
.............#....#...#...#
..........................#
..........................#
..........................#
................@.........#
#)........................#
#.........................#
....#.##...O..............#
.....#.#........#.........#
...#####.Kh.###.#....###.##
.....##K...## ##........##
...........# #.....#.#
...........## #########


You could see a two-headed ogre, a kobold brigand and a howler monkey.

Vanquished Creatures
  A two-headed ogre (D:7)
  Pikel (D:7)
  A wyvern (D:8)
  A steam dragon (D:6)
  A water moccasin (D:6)
  3 orc warriors
  2 ice beasts
  2 black bears
  3 phantoms
  8 bullfrogs
  A gnoll sergeant (D:8)
  5 scorpions
  5 wights (D:8)
  10 killer bees
  7 howler monkeys
  2 hounds
  5 jellies
  5 orc priests
  2 gnoll boudas
  Jessica (D:3)
  5 iguanas
  Natasha (twice) (D:2)
  6 orc wizards
  A mummy (D:4)
  13 gnolls
  5 adders
  2 white imps
  6 dart slugs
  21 orcs
  9 ball pythons
  9 bats
  7 endoplasms
  6 giant cockroaches
  5 goblins
  7 hobgoblins
  3 jackals (D:2)
  8 kobolds
  8 quokkas
  4 frilled lizards
  11 rats
204 creatures vanquished.

Notes
Turn   | Place    | Note
-------+----------+-------------------------------------------
     0 | D:1      | Bnni the Tengu Hunter began the quest for the Orb.
     0 | D:1      | Reached XP level 1. HP: 12/12 MP: 2/2
   102 | D:1      | Reached XP level 2. HP: 16/17 MP: 3/3
   368 | D:1      | Reached skill level 5 in Ranged Weapons
   559 | D:1      | Reached XP level 3. HP: 22/22 MP: 4/4
  1327 | D:2      | Noticed Natasha
  1336 | D:2      | Killed Natasha
  1337 | D:2      | Reached XP level 4. HP: 21/27 MP: 5/5
  1380 | D:2      | Noticed Natasha
  1390 | D:2      | Killed Natasha
  1573 | D:2      | Reached skill level 6 in Ranged Weapons
  1674 | D:3      | Found a stormy altar of Qazlal.
  1794 | D:3      | Gained mutation: Your magical nature lets you fly swiftly
                  | and evasively. [Tengu growth]
  1794 | D:3      | Reached XP level 5. HP: 32/32 MP: 6/6
  2113 | D:3      | Noticed Jessica
  2121 | D:3      | Killed Jessica
  2186 | D:3      | Found a blossoming altar of Fedhas.
  2405 | D:4      | Noticed a black bear
  2523 | D:4      | Killed a black bear
  2524 | D:4      | Reached skill level 7 in Ranged Weapons
  2524 | D:4      | Reached XP level 6. HP: 38/38 MP: 7/7
  2938 | D:4      | Reached XP level 7. HP: 30/44 MP: 8/8
  3005 | D:4      | Found a snail-covered altar of Cheibriados.
  3273 | D:5      | Entered Level 5 of the Dungeon
  3284 | D:4      | Reached skill level 8 in Ranged Weapons
  3294 | D:5      | Found Qelarhea's Magic Scroll Boutique.
  3318 | D:5      | Bought a scroll of identify for 30 gold pieces
  3370 | D:5      | Found a bloodstained altar of Trog.
  3402 | D:5      | Found a sacrificial altar of Ru.
  3423 | D:5      | Reached skill level 5 in Fighting
  3456 | D:5      | Found an ancient bone altar of Kikubaaqudgha.
  3618 | D:5      | Reached skill level 9 in Ranged Weapons
  3618 | D:5      | Reached XP level 8. HP: 49/49 MP: 9/9
  3799 | D:5      | Found a staircase to the Ecumenical Temple.
  3812 | Temple   | Entered the Ecumenical Temple
  3829 | Temple   | Became a worshipper of Warmaster Okawaru
  3889 | D:6      | Reached skill level 1 in Invocations
  4183 | D:6      | Reached * piety under Okawaru
  4203 | D:6      | Reached skill level 10 in Ranged Weapons
  4230 | D:6      | Found an ornate altar of the Wu Jian Council.
  4271 | D:6      | Reached XP level 9. HP: 47/55 MP: 12/12
  4317 | D:6      | Found a burning altar of Makhleb.
  4464 | D:6      | You are sucked into a shaft and drop 3 floors!
  4496 | D:10     | Entered Level 10 of the Dungeon
  4496 | D:10     | Noticed a troll
  4777 | D:8      | Reached ** piety under Okawaru
  4865 | D:8      | Reached skill level 11 in Ranged Weapons
  5057 | D:7      | Reached skill level 5 in Invocations
  5146 | D:6      | Got Erphy's Exposition on Pestilence and the Tropics
  5380 | D:7      | Noticed Pikel
  5389 | D:7      | Killed Pikel
  5640 | D:7      | Reached XP level 10. HP: 63/63 MP: 15/15
  5703 | D:7      | Noticed a two-headed ogre
  5736 | D:7      | Killed a two-headed ogre
  5736 | D:7      | Reached *** piety under Okawaru
  5737 | D:7      | Reached skill level 12 in Ranged Weapons
  6826 | D:8      | Found a glowing golden altar of the Shining One.
  6996 | D:8      | Reached **** piety under Okawaru
  7266 | D:8      | Found a shimmering altar of Xom.
  7501 | D:8      | Found an opulent altar of Gozag.
  7501 | D:8      | Found a glowing silver altar of Zin.
  7797 | D:9      | Noticed a two-headed ogre
  7837 | D:9      | HP: 1/64 [something (21)]
  7839 | D:9      | Demolished by a shadow

Illustrated notes

Levels and vault maps discovered:
D:1:      lordsloth_arrival_two_stooges, layout_basic, st_stairs_5,
          minivault_27, nicolae_houndstooth_variations
D:2:      layout_basic, minmay_strange_pillars, grunt_ministairs_12,
          uniq_natasha
D:3:      minmay_octagon_keep, layout_rooms, fedhas_altar_4,
          mainiacjoe_overflow_cross_hatched, uniq_jessica
D:4:      layout_basic, slow_altar_1, kennysheep_generic_room_7
D:5:      layout_rooms, mainiacjoe_overflow_small_starburst,
          mainiacjoe_overflow_24_doors, lemuel_tele_altar,
          minmay_temple_entry_proselytizer, serial_shops,
          nicolae_shop_just_a_little_nook
D:6:      layout_cave_pools, mainiacjoe_overflow_alcove_1,
          mainiacjoe_overflow_catwalk
D:7:      hellmonk_destroyed_diamonds, layout_cave_pods, uniq_pikel
D:8:      layout_cave_pools, grunt_temple_overflow_gold_and_silver,
          amcnicky_altar_gilded, kennysheep_mini
D:9:      layout_big_octagon, kennysheep_crisscross,
          minmay_fractal_squares_diagonal_5
D:10:     gammafunk_indiana_jones, layout_basic, nicolae_overflow_hidden_temple,
          lemuel_zombie_altar_yredelemnul, erik_lair_island, nrook_loot_triangle
Temple:   nicolae_temple_ecumenical_triangle

Skill      XL: |  1  2  3  4  5  6  7  8  9 10 |
---------------+-------------------------------+-----
Ranged Weapons | 5 6 7 9 10 11 12 | 12.5
Fighting       | 3 4 5 6 7 |  7.8
Invocations    | 3 5 7 |  7.1
Dodging        | |  2.1
Stealth        | |  1.0

Action                     |  1- 3 |  4- 6 |  7- 9 | 10-12 || total
---------------------------+-------+-------+-------+-------++-------
  Melee: Unarmed           |       |     3 |       |       ||     3
         Dagger            |       |       |    13 |       ||    13
         Kick              |       |       |     3 |     2 ||     5
         Peck              |       |       |     2 |     1 ||     3
         Shortbow          |       |       |       |     3 ||     3
   Fire: Shortbow          |   100 |   233 |   271 |   253 ||   857
  Throw: Throwing net      |       |       |     1 |     1 ||     2
  Evoke: Wand              |       |       |     4 |     2 ||     6
    Use: Scroll            |       |       |     5 |     1 ||     6
         Potion            |       |       |     2 |     2 ||     4
   Stab: Sleeping          |       |       |     1 |       ||     1
 Armour: Leather armour    |     8 |    25 |    33 |     7 ||    73
         Robe              |       |       |       |    14 ||    14
  Dodge: Dodged            |    24 |    82 |    90 |   141 ||   337

Table legend: (Time is in decaauts)
 A = Elapsed time spent in this place.
 B = Non-inter-level travel time spent in this place.
 C = Inter-level travel time spent in this place.
 D = Time resting spent in this place.
 E = Time spent auto-exploring this place.
 F = Levels seen in this place.
 G = Mean time per level.
                   A        B        C        D        E       F      G
               +--------+--------+--------+--------+--------+-----+--------+
         Total |   7445 |   7162 |    283 |    910 |   4363 |  11 |  676.8 |
       Dungeon |   7414 |   7160 |    254 |    910 |   4363 |  10 |  741.4 |
        Temple |     31 |      3 |     28 |      0 |      0 |   1 |   31.0 |
               +--------+--------+--------+--------+--------+-----+--------+

Top non-repeatable levels by time:
     D:7: 1482 daAuts
     D:1: 1026 daAuts
     D:8: 987 daAuts
     D:4: 808 daAuts
     D:3: 726 daAuts
     D:6: 675 daAuts
     D:2: 674 daAuts
     D:5: 658 daAuts
     D:9: 370 daAuts
  Temple: 31 daAuts
    D:10: 4 daAuts
